 Dungeon Sprint DCSS version 0.26-a0-652-gafc20e3620 (webtiles) character file.

Game seed: 2800830432475267197

282228 mhtbhm the Wrestler (level 13, 143/143 (144) HPs)
             Began as a Troll Berserker on Oct 3, 2020.
             Was the Champion of Trog.
             Escaped with the Orb!
             The game lasted 00:12:27 (4238 turns).

mhtbhm the Wrestler (Troll Berserker)               Turns: 4238, Time: 00:12:27

HP:   143/143 (144) AC: 23    Str: 38    XL:     13   Next: 8%
MP:   12/12         EV:  9    Int:  1    God:    Trog [******]
Gold: 2676          SH:  5    Dex:  9    Spells: 12/12 levels left

rFire    + . .     SeeInvis .     - Unarmed
rCold    + + .     Faith    .   (no shield)
rNeg     + + .     Spirit   .   a - +2 gold dragon scales
rPois    +         Reflect  +   (helmet restricted)
rElec    +         Harm     .   i - scarf {repulsion}
rCorr    .         Rampage  .   (gloves unavailable)
MR       .....     NoTele   +   (boots unavailable)
Stlth    ..........             u - amulet of reflection
HPRegen  0.73/turn              k - ring "Isazebid" {rElec rC+ rN++ Int-2 Slay+3}
MPRegen  0.13/turn              v - +6 ring of strength

@: repel missiles
A: large, unfitting armour, claws 3, regeneration 1, shaggy fur 1, tough skin 3
0: Orb of Zot
a: Berserk, Trog's Hand, Brothers in Arms, Renounce Religion


You escaped.
You worshipped Trog.
Trog was exalted by your worship.
You visited 1 branch You collected 5767 gold pieces.
You spent 3091 gold pieces at shops.

Inventory:

Missiles
 o - 3 curare-tipped darts (quivered)
Armour
 a - +2 gold dragon scales (worn)
 i - a scarf of repulsion (worn)
 j - the +2 cloak "Vecejum" {+Inv MP+9}
   (You bought it in a shop in the Dungeon)

   It affects your magic capacity (+9).
   It lets you turn invisible.
Jewellery
 k - the ring "Isazebid" (left claw) {rElec rC+ rN++ Int-2 Slay+3}
   (You found it in the Dungeon)

   [ring of protection from cold]

   It affects your intelligence (-2).
   It affects your accuracy and damage with ranged weapons and melee attacks
   (+3).
   It protects you from cold.
   It insulates you from electricity.
   It greatly protects you from negative energy.
 n - a cursed -4 ring of dexterity {unknown}
 u - an amulet of reflection (around neck)
 v - a +6 ring of strength (right claw)
Wands
 h - a wand of flame (16)
 m - a wand of paralysis (5)
Scrolls
 g - a scroll of blinking
 p - 2 scrolls of remove curse
 s - a scroll of magic mapping
Potions
 b - 4 potions of curing
 c - 8 potions of heal wounds
 e - 2 potions of magic
 f - a potion of berserk rage
 q - a potion of might
 r - a potion of stabbing
 t - a potion of haste
Miscellaneous
 d - a phantom mirror


   Skills:
 + Level 13.0 Fighting
 + Level 1.7 Throwing
 + Level 9.7 Armour
 + Level 12.8 Dodging
 + Level 3.4 Stealth
 + Level 22.7 Unarmed Combat


You had 12 spell levels left.
You didn't know any spells.
Your spell library was empty.

Dungeon Overview and Level Annotations

Branches:
Dungeon (1/1)

Altars:
Cheibriados
Dithmenos
Elyvilon
Fedhas
Gozag
Hepliaklqana
Kikubaaqudgha
Makhleb
Nemelex Xobeh
Okawaru
Qazlal
Ru
Sif Muna
Trog
Uskayaw
Vehumet
Wu Jian
Xom
Yredelemnul
Zin
The Shining One
Jiyva
Lugonu

Shops:
D *=}[}!:!![*[(*![!:

Annotations:
D Tiamat


Innate Abilities, Weirdness & Mutations

You are too large for most types of armour.
You have claws for hands.
Your natural rate of healing is unusually fast.
You are covered in fur. (AC +1)
You have extremely tough skin. (AC +3)


Message History

Things that are here:
a glowing bardiche {god gift}; a runed rapier {god gift}
There is an open door here.
There is an open door here.
Things that are here:
a cursed -1 dagger; a +0 robe
There is an open door here.
There is an open door here.
There is an open door here.
There is an open door here.
Things that are here:
a +0 scythe; a +0 robe
There is an open door here.
There is an open door, spattered with blood here.
You see here a +0 giant spiked club.
Things that are here:
a +0 club; a +0 scale mail
There is an open door here.
There is a staircase leading out of the dungeon here.
You have escaped!

##################
#@.#..)..#.)'..#__
#..').#..'..#..'..
#..#####'#####'#__
#..####..#...#.###
#..#__####..##[#§§
#..#_____##'#_§§§§
#⌠⌠#_.∩...'.§.§#≈§
####_..__##_.#'##'
*,,#_____###'#[#§(


There were no monsters in sight!

Vanquished Creatures
  A shadow dragon (D)
  4 fire giants (D)
  A lorocyproca (D)
  A deep elf annihilator (D)
  A mummy priest (D)
  2 centaur warriors (D)
  Sonja (D)
  7 unseen horrors (D)
  A deep troll (D)
  A lindwurm (D)
  2 oklob plants (D)
  2 merfolk sirens (D)
  A gargoyle (D)
  2 kobold demonologists (D)
  A tormentor (D)
  A hellwing (D)
  4 demonic crawlers (D)
  5 hornets (D)
  A slime creature (D)
  2 redbacks (D)
  Sigmund (D)
  13 hogs (D)
  A yak (D)
  3 floating eyes (D)
  7 necrophages (D)
  An ogre (D)
  8 jellies (D)
  Ijyb (D)
76 creatures vanquished.

Vanquished Creatures (collateral kills)
  the Lernaean hydra (D)
  A golden dragon (D)
  A hydra (D)
3 creatures vanquished.

Vanquished Creatures (others)
  A deep elf master archer (D)
  A gargoyle (D)
  2 ballistomycete spores (D)
4 creatures vanquished.

Grand Total: 83 creatures vanquished

Notes
Turn   | Place    | Note
-------+----------+-------------------------------------------
     0 | D        | mhtbhm the Troll Berserker began the quest for the Orb.
     0 | D        | Reached XP level 1. HP: 22/22 MP: 0/0
     2 | D        | Noticed Ijyb
    20 | D        | Killed Ijyb
    20 | D        | Reached skill level 4 in Unarmed Combat
    20 | D        | Reached XP level 2. HP: 26/32 MP: 1/1
    34 | D        | Noticed an ogre
    39 | D        | Killed an ogre
    39 | D        | Reached skill level 6 in Unarmed Combat
    39 | D        | Reached XP level 3. HP: 41/41 MP: 2/2
    39 | D        | Reached XP level 4. HP: 49/49 MP: 3/3
   156 | D        | Noticed Sigmund
   173 | D        | Killed Sigmund
   173 | D        | Reached ** piety under Trog
   173 | D        | Reached skill level 8 in Unarmed Combat
   173 | D        | Reached XP level 5. HP: 51/59 MP: 4/4
   188 | D        | Found an ornate altar of the Wu Jian Council.
   188 | D        | Found a shimmering blue altar of Sif Muna.
   190 | D        | Found a radiant altar of Vehumet.
   196 | D        | Reached XP level 6. HP: 61/68 MP: 5/5
   226 | D        | Found Puon's Jewellery Emporium.
   226 | D        | Found an ancient bone altar of Kikubaaqudgha.
   226 | D        | Found a hazy altar of Hepliaklqana.
   226 | D        | Found a stormy altar of Qazlal.
   226 | D        | Found a hide-covered altar of Uskayaw.
   226 | D        | Found a blossoming altar of Fedhas.
   226 | D        | Found a bloodstained altar of Trog.
   226 | D        | Found an iron altar of Okawaru.
   226 | D        | Found a basalt altar of Yredelemnul.
   226 | D        | Found a glowing golden altar of the Shining One.
   226 | D        | Found a snail-covered altar of Cheibriados.
   226 | D        | Found a sacrificial altar of Ru.
   226 | D        | Found a glowing silver altar of Zin.
   226 | D        | Found a shadowy altar of Dithmenos.
   226 | D        | Found a white marble altar of Elyvilon.
   226 | D        | Noticed a yak
   227 | D        | Found an opulent altar of Gozag.
   231 | D        | Killed a yak
   231 | D        | Reached skill level 9 in Unarmed Combat
   232 | D        | Found a sparkling altar of Nemelex Xobeh.
   284 | D        | Found a burning altar of Makhleb.
   284 | D        | Found a viscous altar of Jiyva.
   284 | D        | Found a shimmering altar of Xom.
   284 | D        | Found a corrupted altar of Lugonu.
   284 | D        | Noticed a slime creature
   293 | D        | Killed a slime creature
   293 | D        | Reached *** piety under Trog
   293 | D        | Reached skill level 10 in Unarmed Combat
   293 | D        | Reached XP level 7. HP: 29/78 MP: 6/6
   375 | D        | Noticed a kobold demonologist
   375 | D        | Noticed a kobold demonologist
   377 | D        | Paralysed by a floating eye for 4 turns
   387 | D        | Noticed an ice devil
   388 | D        | Killed a kobold demonologist
   388 | D        | Reached skill level 11 in Unarmed Combat
   393 | D        | Killed a kobold demonologist
   393 | D        | Reached **** piety under Trog
   393 | D        | Reached XP level 8. HP: 89/89 MP: 7/7
   487 | D        | Noticed a centaur warrior
   488 | D        | Noticed a centaur warrior
   488 | D        | Killed a gargoyle
   499 | D        | Killed a centaur warrior
   499 | D        | Reached skill level 1 in Stealth
   499 | D        | Reached skill level 13 in Unarmed Combat
   501 | D        | Killed a centaur warrior
   501 | D        | Reached skill level 10 in Dodging
   501 | D        | Reached XP level 9. HP: 82/101 MP: 8/8
   584 | D        | Reached skill level 14 in Unarmed Combat
   654 | D        | Noticed an oklob plant
   659 | D        | Killed an oklob plant
   659 | D        | Reached ***** piety under Trog
   659 | D        | Reached skill level 10 in Fighting
   840 | D        | Killed an unseen horror
   840 | D        | Reached skill level 15 in Unarmed Combat
   840 | D        | Reached XP level 10. HP: 87/111 MP: 9/9
   841 | D        | Killed an unseen horror
   912 | D        | Received a gift from Trog
   912 | D        | Reached skill level 16 in Unarmed Combat
   974 | D        | Received a gift from Trog
   975 | D        | Reached ****** piety under Trog
  1032 | D        | Found Nopp's Antique Armour Shoppe.
  1032 | D        | Found Maoxt's Gadget Shop.
  1032 | D        | Found Zoaq's Gadget Boutique.
  1034 | D        | Found Ruma Puo's Distillery.
  1034 | D        | Found Duse's Book Shop.
  1034 | D        | Found Fut Hoqi's Distillery.
  1034 | D        | Found Lefis's Distillery.
  1034 | D        | Found Ohogut's Armour Emporium.
  1034 | D        | Found Bopuemp's Assorted Antiques.
  1034 | D        | Found Wocifihys's Antique Armour Shoppe.
  1036 | D        | Found Ximupifoh's Antique Weapon Boutique.
  1037 | D        | Found Elauxkuke's Distillery.
  1037 | D        | Found Vounaxti's General Store.
  1038 | D        | Found Ytaopn's Distillery.
  1043 | D        | Bought an embroidered scarf for 168 gold pieces
  1048 | D        | Bought a transparent cloak for 199 gold pieces
  1058 | D        | Identified the +2 cloak "Vecejum" {+Inv MP+9} (You bought
                  | it in a shop in the Dungeon)
  1140 | D        | Noticed a deep troll
  1144 | D        | Killed a deep troll
  1171 | D        | Found Wyariol's Armour Emporium.
  1260 | D        | Noticed Sonja
  1282 | D        | Killed Sonja
  1282 | D        | Received a gift from Trog
  1282 | D        | Reached skill level 17 in Unarmed Combat
  1321 | D        | Found Hashruli's General Store.
  1329 | D        | Bought a scroll of blinking for 82 gold pieces
  1329 | D        | Bought a scroll of magic mapping for 38 gold pieces
  1436 | D        | Reached skill level 1 in Armour
  1510 | D        | Noticed a lindwurm
  1515 | D        | Killed a lindwurm
  1515 | D        | Reached XP level 11. HP: 104/118 MP: 10/10
  1529 | D        | Reached skill level 18 in Unarmed Combat
  1534 | D        | Received a gift from Trog
  1559 | D        | Received a gift from Trog
  1636 | D        | Noticed a 12-headed hydra
  1643 | D        | Killed a 16-headed hydra
  1895 | D        | Bought the +5 fire dragon scales of Fogeamm {rF++ rC- SInv}
                  | for 962 gold pieces
  2036 | D        | Noticed a shadow dragon
  2036 | D        | Noticed a golden dragon
  2044 | D        | Killed a shadow dragon
  2044 | D        | Reached skill level 19 in Unarmed Combat
  2046 | D        | Killed a golden dragon
  2046 | D        | Received a gift from Trog
  2046 | D        | Reached skill level 5 in Armour
  2129 | D        | Found Osiyllie's Book Shoppe.
  2237 | D        | Killed a lorocyproca
  2237 | D        | Reached skill level 20 in Unarmed Combat
  2512 | D        | Noticed a daeva
  2618 | D        | Noticed an unseen horror
  2618 | D        | Noticed an unseen horror
  2624 | D        | Killed an unseen horror
  2627 | D        | Killed an unseen horror
  2627 | D        | Reached XP level 12. HP: 93/131 MP: 11/11
  2788 | D        | Got a slimy copper ring
  2887 | D        | Identified the ring "Isazebid" {rElec rC+ rN++ Int-2
                  | Slay+3} (You found it in the Dungeon)
  2898 | D        | Noticed a fire giant
  2898 | D        | Noticed a fire giant
  2898 | D        | Noticed a fire giant
  2898 | D        | Noticed a fire giant
  2903 | D        | Killed a fire giant
  2903 | D        | Received a gift from Trog
  2909 | D        | Killed a fire giant
  2909 | D        | Reached skill level 21 in Unarmed Combat
  2911 | D        | Killed a fire giant
  2916 | D        | Killed a fire giant
  2916 | D        | Received a gift from Trog
  2949 | D        | Identified the +4 dragonskin cloak
  2949 | D        | Noticed Tiamat
  3035 | D        | Noticed a deep elf annihilator
  3081 | D        | Killed a deep elf annihilator
  3081 | D        | Received a gift from Trog
  3081 | D        | Reached skill level 22 in Unarmed Combat
  3181 | D        | Paralysed by a hornet for 3 turns
  3350 | D        | Bought a scroll of blinking for 150 gold pieces
  3357 | D        | Bought a potion of heal wounds for 65 gold pieces
  3357 | D        | Bought a potion of flight for 39 gold pieces
  3357 | D        | Bought a potion of heal wounds for 65 gold pieces
  3368 | D        | Bought a potion of heal wounds for 70 gold pieces
  3368 | D        | Bought a potion of heal wounds for 70 gold pieces
  3368 | D        | Bought a potion of heal wounds for 70 gold pieces
  3373 | D        | Bought a potion of haste for 140 gold pieces
  3429 | D        | Bought an uncursed amulet of reflection for 330 gold pieces
  3429 | D        | Bought a +6 ring of strength for 643 gold pieces
  3494 | D        | Noticed a mummy priest
  3684 | D        | Killed a mummy priest
  3684 | D        | Reached skill level 1 in Throwing
  3729 | D        | Noticed the 27-headed Lernaean hydra
  3736 | D        | Killed the 27-headed Lernaean hydra
  3736 | D        | Reached XP level 13. HP: 119/143 MP: 12/12
  3847 | D        | Killed a deep elf master archer
  4167 | D        | Got the Orb of Zot
  4177 | D        | Received a gift from Trog
  4238 | D        | Escaped with the Orb!

Illustrated notes

Levels and vault maps discovered:
D:        dungeon_sprint_1 [red_sonja_temple_1, red_sonja_temple_small_1]

Skill      XL: |  1  2  3  4  5  6  7  8  9 10 11 12 |
---------------+-------------------------------------+-----
Fighting       | 3 4 6 7 8 9 10 12 13 | 13.0
Dodging        | 3 4 6 7 8 10 11 12 | 12.8
Unarmed Combat | 4 6 8 10 11 13 15 17 20 22 | 22.7
Stealth        | 1 2 3 |  3.4
Armour         | 2 6 9 |  9.7
Throwing       | 1 |  1.7

Action                   |  1- 3 |  4- 6 |  7- 9 | 10-12 | 13-15 || total
-------------------------+-------+-------+-------+-------+-------++-------
Melee: Unarmed           |    21 |    22 |    37 |   169 |     2 ||   251
       Punch             |     1 |       |       |    16 |     2 ||    19
Throw: Dart              |       |       |       |     4 |       ||     4
Invok: Berserk           |     1 |       |     3 |     9 |       ||    13
       Brothers in Arms  |       |       |       |     3 |       ||     3
  Use: Potion            |       |       |     1 |     1 |       ||     2
       Scroll            |       |       |       |     6 |     4 ||    10
 Stab: Sleeping          |       |       |       |     1 |       ||     1
Armor: Animal skin       |     4 |     2 |    10 |     4 |       ||    20
       Troll leather arm |       |       |       |    25 |       ||    25
       Gold dragon scale |       |       |       |    75 |     6 ||    81
       Fire dragon scale |       |       |       |     4 |       ||     4
Dodge: Dodged            |     8 |    11 |    12 |    75 |     1 ||   107
       Repelled          |       |       |       |     1 |       ||     1
Block: Other             |       |       |       |     9 |       ||     9

Table legend: (Time is in decaauts)
 A = Elapsed time spent in this place.
 B = Non-inter-level travel time spent in this place.
 C = Inter-level travel time spent in this place.
 D = Time resting spent in this place.
 E = Time spent auto-exploring this place.
 F = Levels seen in this place.
 G = Mean time per level.
                   A        B        C        D        E       F      G
               +--------+--------+--------+--------+--------+-----+--------+
         Total |   4298 |   4298 |      0 |   2003 |      0 |   1 | 4298.0 |
       Dungeon |   4298 |   4298 |      0 |   2003 |      0 |   1 | 4298.0 |
               +--------+--------+--------+--------+--------+-----+--------+

Top non-repeatable levels by time:
       D: 4298 daAuts
